 Dungeon Crawl Stone Soup version 0.19-a0-1682-g5114f93 (webtiles) character file.

129 st0uf the Chopper (level 4, -7/35 HPs)
             Began as a Demonspawn Gladiator on Sept 25, 2016.
             Killed from afar by an orc wizard (10 damage)
             ... with a puff of frost
             ... on level 4 of the Dungeon.
             The game lasted 00:07:27 (1650 turns).

st0uf the Chopper (Demonspawn Gladiator)            Turns: 1650, Time: 00:07:28

Health: -7/35      AC: 11    Str: 17    XL:     4   Next: 88%
Magic:  4/4        EV:  8    Int:  9    God:
Gold:   80         SH:  0    Dex: 13    Spells: 0 memorised, 3 levels left

rFire  . . .     SeeInvis .     a - +1 war axe
rCold  . . .     Gourm    .     o - +0 chain mail
rNeg   . . .     Faith    .     (no shield)
rPois  .         Spirit   .     (helmet restricted)
rElec  .         Dismiss  .     k - +0 cloak
rCorr  .         Reflect  .     (no gloves)
MR     .....     Harm     .     n - +0 pair of boots
Stlth  ..........               (no amulet)
                                (no ring)
                                (no ring)

@: lethally poisoned (-7 -> -9)
A: horns 1, rot immunity
a: no special abilities


You were on level 4 of the Dungeon.
You were not hungry.

You visited 1 branch of the dungeon, and saw 4 of its levels.

You collected 80 gold pieces.

Inventory:

Hand Weapons
 a - a +1 war axe (weapon)
Missiles
 d - 3 throwing nets (quivered)
Armour
 c - a +0 helmet
 k - a +0 cloak (worn)
 n - a +0 pair of boots (worn)
 o - a +0 chain mail (worn)
Scrolls
 h - a scroll of noise
Potions
 j - 2 potions of degeneration
 m - a potion of might
Comestibles
 b - a slice of pizza
 f - 3 bread rations
 i - 2 meat rations
 p - 3 chunks of flesh


   Skills:
 * Level 3.5 Fighting
 * Level 3.6 Axes
 - Level 1.7 Throwing
 + Level 1.0 Armour
 + Level 3.1 Dodging


You had 3 spell levels left.
You didn't know any spells.

Dungeon Overview and Level Annotations

Branches:
Dungeon (4/15)
 Temple: D:4-7

Altars:
Dithmenos
The Shining One

Annotations:
D:2 1 runed door
D:3 Sigmund


Innate Abilities, Weirdness & Mutations

You have a pair of small horns on your head.
You are immune to rotting.


Message History

Unknown command.
Your chain mail prevents you from hitting the orc.
You hit the orc priest. You closely miss the worker ant.
You barely miss the orc priest.
Your chain mail prevents you from hitting the orc wizard.
The orc priest hits you with a short sword.
The orc priest hits you but does no damage.
The orc wizard hits you but does no damage.
The worker ant barely misses you.
You barely miss the worker ant. You hit the orc.
You closely miss the orc wizard. You barely miss the orc priest.
You hit the orc priest but do no damage.
You feel sick.
The orc priest mumbles some strange prayers to Beogh against you.
Beogh smites you!
* * * LOW HITPOINT WARNING * * *
The worker ant bites you but does no damage.
The orc wizard casts a spell at you. The puff of frost hits you!
You die...

#....).
#......
#......
#......
.......###
.........##
......oo..##
.....oo@...#
..$...oaS..#
...........#
#..........#
...(..$....#
..s.......##
#..........
...........#


You could see a scorpion, a worker ant, 2 orc priests, an orc wizard, 2 orcs and
a ball python.

Vanquished Creatures
  4 gnolls (D:2)
  2 adders (D:3)
  An ooze (D:3)
  3 worms
  2 leopard geckos
  5 bats
  3 giant cockroaches (D:1)
  5 goblins
  10 hobgoblins
  5 kobolds
  2 quokkas
  3 ball pythons
  7 frilled lizards
  7 rats
59 creatures vanquished.

Notes
Turn   | Place    | Note
-------+----------+-------------------------------------------
     0 | D:1      | st0uf the Demonspawn Gladiator began the quest for the Orb.
     0 | D:1      | Reached XP level 1. HP: 16/16 MP: 1/1
   115 | D:1      | Gained mutation: You are immune to rotting. [demonic ancestry]
   115 | D:1      | Reached XP level 2. HP: 20/22 MP: 2/2
   397 | D:1      | Found a glowing golden altar of the Shining One.
   673 | D:2      | Reached XP level 3. HP: 26/28 MP: 3/3
  1026 | D:2      | Reached skill level 1 in Armour
  1026 | D:2      | Gained mutation: You have a pair of small horns on your head. [demonic ancestry]
  1026 | D:2      | Reached XP level 4. HP: 24/35 MP: 4/4
  1281 | D:2      | Found a runed door.
  1500 | D:3      | Found a shadowy altar of Dithmenos.
  1612 | D:3      | Noticed Sigmund
  1650 | D:4      | Killed from afar by an orc wizard

Vault maps used:
D:1:      tarquinn_simple_flora_water_e, tso_altar
D:2:      uniq_crazy_yiuf_cottage
D:3:      grunt_dithmenos_smoke_and_mirrors, uniq_sigmund
D:4:      first_bread

Skill      XL: |  1  2  3 |
---------------+----------+-----
Axes           | 3 |  3.6
Dodging        | 3 |  3.1
Fighting       | 3 |  3.5
Armour         | 1 |  1.0
Throwing       | |  1.7

Action                   |  1- 3 |  4- 6 || total
-------------------------+-------+-------++-------
Melee: War axe           |   143 |    62 ||   205
       Headbutt          |       |     5 ||     5
  Use: Scroll            |       |     4 ||     4
       Potion            |       |     4 ||     4
 Stab: Sleeping          |     1 |       ||     1
  Eat: Chunk             |     1 |     2 ||     3
Armor: Leather armour    |    50 |       ||    50
       Chain mail        |    17 |    42 ||    59
Dodge: Dodged            |   129 |    42 ||   171
